 Dungeon Crawl Stone Soup version 0.30-a0-862-g1aabd4f9c5 (webtiles) character file.

Game seed: 8613310166195112379

33 rctest the Shield-Bearer (level 3, 33/33 HPs)
             Began as a Minotaur Fighter on Mar 8, 2023.
             Quit the game on level 1 of the Dungeon.
             The game lasted 00:00:43 (961 turns).

rctest the Shield-Bearer (Minotaur Fighter)          Turns: 961, Time: 00:00:44

Health: 33/33      AC:  7    Str: 22    XL:     3   Next: 12%
Magic:  2/2        EV:  9    Int:  5    God:
Gold:   94         SH:  4    Dex:  9    Spells: 2/2 levels left

rFire   . . .      SeeInvis .    a - +0 war axe
rCold   . . .      Faith    .    c - +0 buckler
rNeg    . . .      Spirit   .    b - +0 scale mail
rPois   .          Reflect  .    (helmet restricted)
rElec   .          Rampage  .    (no cloak)
rCorr   .                        (no gloves)
Will    .....                    (no boots) Stlth
                                 (no amulet)
HPRegen 0.25/turn                (no ring)
MPRegen 0.08/turn                (no ring)

@: no status effects
A: horns 2, retaliatory headbutt
a: no special abilities


You were on level 1 of the Dungeon.
You visited 1 branch of the dungeon, and saw 1 of its levels.

You collected 94 gold pieces.

Inventory:

Hand Weapons
 a - a +0 war axe (weapon)
Missiles
 k - a throwing net {=f !f}
Armour
 b - a +0 scale mail (worn)
 c - a +0 buckler (worn)
 l - a +0 pair of gloves
Jewellery
 g - an amulet of reflection
Scrolls
 e - a scroll of teleportation {unknown}
 i - a scroll of blinking {unknown}
 j - a scroll of amnesia {unknown}
 n - 2 scrolls of identify {unknown}
Potions
 d - a potion of might
 f - 2 potions of cancellation {unknown}
 h - a potion of mutation {unknown}
 m - a potion of attraction {unknown}


   Skills:
 + Level 4.1 Fighting
 + Level 3.0 Axes
 + Level 4.0 Armour
 + Level 4.1 Shields


You had 2 spell levels left.
You didn't know any spells.
Your spell library was empty.

Dungeon Overview and Level Annotations

Branches:
Dungeon (1/15)

Altars:


Innate Abilities, Weirdness & Mutations

You have a pair of horns on your head.
You reflexively headbutt those who attack you in melee.


Message History

The kobold throws a stone.
The stone hits you but does no damage.
The kobold throws a stone.
The stone barely misses you.
The kobold throws a stone.
The stone hits you. The kobold barely misses you.
You closely miss the kobold. You block the kobold's attack.
You hit the kobold.
You kill the kobold!
No target in view!
No target in view!
Things that are here:
a +0 short sword; 4 stones; a kobold corpse A quokka comes into view.
A quokka is nearby!
The quokka barely misses you.
You miss the quokka. The quokka bites you.
The quokka bites you but does no damage.
You closely miss the quokka. The quokka misses you.
You block the quokka's attack.
You miss the quokka. Your headbutt misses the quokka. The quokka bites you.
A quokka is nearby!
A quokka is nearby!
You barely miss the quokka.
The quokka bites you but does no damage.
The quokka bites you.
You closely miss the quokka. Your headbutt misses the quokka.
The quokka bites you.
The quokka bites you but does no damage.
You closely miss the quokka. You block the quokka's attack.
The quokka barely misses you.
You barely miss the quokka.
You headbutt the quokka, but do no damage.
The quokka bites you but does no damage.
You barely miss the quokka. You headbutt the quokka.
The quokka is lightly wounded.
The quokka bites you but does no damage.
The quokka barely misses you.
You miss the quokka. Your headbutt misses the quokka.
The quokka is lightly wounded.
You block the quokka's attack. The quokka closely misses you.
You barely miss the quokka.
The quokka is lightly wounded.
The quokka bites you.
You slash the quokka!
You kill the quokka!
No target in view!
No target in view!
No target in view!
No target in view!
Found 12 gold pieces.
You see here a quokka corpse.
f - 2 emerald potions (gained 1)
A bat comes into view.
A bat is nearby!
A bat is nearby!
The bat hits you but does no damage.
You see here 12 gold pieces.
You slash the bat!
You kill the bat!
No target in view!
No target in view!
No target in view!
No target in view!
No target in view!
You now have 94 gold pieces (gained 12).
A rat comes into view.
A rat is nearby!
A rat is nearby!
The rat closely misses you.
You hit the rat but do no damage. You block the rat's attack. x2
You hit the rat.
You kill the rat!
No target in view!
No target in view!
No target in view!
No target in view!
You see here a +0 dagger.
Found 3 stones.
You see here 3 stones.
You see here 3 stones.
There is an open door here.
There is an open door here.
You see here a +0 robe.
You see here 5 stones.
Things that are here:
a +0 short sword; 4 stones; a kobold skeleton Done exploring.
No target in view!
No target in view!
No target in view!
No target in view!
Done exploring.
Done exploring.
Done exploring.
Search for what [? for help]? stone
Things that are here:
a +0 club; a stone
Things that are here:
a +0 club; a stone Unknown command.
Are you sure you want to abandon this character and quit the game? (Confirm with "yes".)

##### ##.##.####.#
##...#########...#.# #.#
####..#..##.........#.####.##
#....###.##.#####...#.......#
#.##..#..##.# ##########..#
#.###...###.# #..#
##.###...###.##############..##
#.#.##........................#
.###............@)..^####.###.#
#.#.#..##.##.######.#.....# #.#
##.##..##.##.# #..####.###>#
#####..##.##.# #..# ##....#
...........#.# #..# ###.)#
.#########...# #..# #..#
##.......##..## #..# #..#
#.#######.##..# #..# #).#
.##.....##.##.#####..# #..#


There were no monsters in sight!

Vanquished Creatures
  A dart slug (D:1)
  A ball python (D:1)
  3 endoplasms (D:1)
  A giant cockroach (D:1)
  4 goblins (D:1)
  2 hobgoblins (D:1)
  2 jackals (D:1)
  A quokka (D:1)
  2 bats (D:1)
  2 frilled lizards (D:1)
  5 kobolds (D:1)
  4 rats (D:1)
28 creatures vanquished.

Notes
Turn   | Place    | Note
-------+----------+-------------------------------------------
     0 | D:1      | rctest the Minotaur Fighter began the quest for the Orb.
     0 | D:1      | Reached XP level 1. HP: 19/19 MP: 0/0
   183 | D:1      | Reached XP level 2. HP: 27/27 MP: 1/1
   560 | D:1      | Reached XP level 3. HP: 33/33 MP: 2/2
   961 | D:1      | Quit the game

Illustrated notes

Levels and vault maps discovered:
D:1:      evilmike_arrival_rings, layout_loops_ring, minmay_tetromino_o2

Skill      XL: |  1  2 |
---------------+-------+-----
Fighting       | 4 |  4.1
Shields        | 4 |  4.1
Armour         | 4 |  4.0
Axes           | 3 |  3.0

Action                     || total
---------------------------++-------
  Melee: War axe           ||    83
         Headbutt          ||     5
 Armour: Scale mail        ||    35
  Dodge: Dodged            ||    41
  Block: Buckler           ||    16

Table legend: (Time is in decaauts)
 A = Elapsed time spent in this place.
 B = Non-inter-level travel time spent in this place.
 C = Inter-level travel time spent in this place.
 D = Time resting spent in this place.
 E = Time spent auto-exploring this place.
 F = Levels seen in this place.
 G = Mean time per level.
                   A        B        C        D        E       F      G
               +--------+--------+--------+--------+--------+-----+--------+
         Total |    994 |    942 |     52 |      0 |    728 |   1 |  994.0 |
       Dungeon |    994 |    942 |     52 |      0 |    728 |   1 |  994.0 |
               +--------+--------+--------+--------+--------+-----+--------+

Top non-repeatable levels by time:
     D:1: 994 daAuts

Table legend:
 A = Kills in this place as a percentage of kills in the entire game.
 B = Kills by you in this place as a percentage of kills by you in the entire game.
 C = Kills by friends in this place as a percentage of kills by friends in the entire game.
 D = Other kills in this place as a percentage of other kills in the entire game.
 E = Experience gained in this place as a percentage of experience gained in the entire game.
 F = Experience gained in this place divided by the number of levels of this place that you have seen.
                   A       B       C       D       E      F
               +-------+-------+-------+-------+-------+----------------------
         Total | 100.0 | 100.0 |   N/A |   N/A | 100.0 |  48.0
       Dungeon | 100.0 | 100.0 |   N/A |   N/A | 100.0 |  48.0
               +-------+-------+-------+-------+-------+----------------------
